 Dungeon Crawl Stone Soup version 0.21.1-1-g345015f (webtiles) character file.

93 Fang the Skirmisher (level 4, -3/29 HPs)
             Began as a Gargoyle Berserker on May 14, 2018.
             Was a Believer of Trog.
             Slain by bande's ghost (10 damage)
             ... on level 3 of the Dungeon on May 15, 2018.
             The game lasted 00:02:54 (1968 turns).

Fang the Skirmisher (Gargoyle Berserker)            Turns: 1968, Time: 00:02:55

Health: -3/29      AC:  5    Str: 22    XL:     4   Next: 61%
Magic:  4/4        EV: 12    Int:  7    God:    Trog [**....]
Gold:   140        SH:  0    Dex:  9    Spells: 3/3 levels left

rFire    . . .     SeeInvis .   a - +0 hand axe
rCold    . . .     Gourm    .   (no shield)
rNeg     + . .     Faith    .   b - +0 animal skin
rPois    ∞         Spirit   .   (no helmet)
rElec    +         Reflect  .   (no cloak)
rCorr    .         Harm     .   (no gloves)
MR       .....                  (no boots)
Stlth    +.........             (no amulet)
HPRegen  0.09/turn              (no ring)
MPRegen  0.09/turn              (no ring)

@: berserk cooldown, slowed, very slow
A: negative energy resistance 1, electricity resistance, unbreathing,
petrification resistance, rot immunity, AC +3
a: Berserk, Trog's Hand, Burn Spellbooks, Renounce Religion


You were on level 3 of the Dungeon.
You worshipped Trog.
Trog was pleased with you.
You were very hungry.

You visited 1 branch of the dungeon, and saw 3 of its levels.

You collected 140 gold pieces.

Inventory:

Hand Weapons
 a - a +0 hand axe (weapon)
Armour
 b - a +0 animal skin (worn)
Scrolls
 h - 2 scrolls of identify {unknown}
 i - a scroll of remove curse {unknown}
 j - a scroll of enchant weapon {unknown}
 k - a scroll of immolation {unknown}
Potions
 d - a potion of degeneration {unknown}
 e - 3 potions of might {unknown}
 f - a potion of berserk rage {unknown}
 g - a potion of curing {unknown}
 l - 3 potions of ambrosia {unknown}
 m - 2 potions of magic {unknown}
 n - 2 potions of agility {unknown}
Comestibles
 c - 7 rations
 o - a chunk of flesh


   Skills:
 + Level 4.1 Fighting
 + Level 3.7 Axes
 + Level 2.4 Armour
 + Level 2.0 Dodging
 + Level 1.0 Stealth


You had 3 spell levels left.
You didn't know any spells.

Dungeon Overview and Level Annotations

Branches:
Dungeon (3/15)

Altars:
Qazlal
Wu Jian

Annotations:
D:3 bande's ghost, novice GrFi


Innate Abilities, Weirdness & Mutations

You are resistant to torment.
Your stone body is resilient. (AC +3)
You are immune to poison.
You resist negative energy. (rN+)
You are resistant to electric shocks. (rElec)
You can survive without breathing.
You are immune to petrification.
You are immune to rotting.


Message History

You are too injured to fight recklessly!
You are too injured to fight recklessly!
You are too injured to fight recklessly!
You are too injured to fight recklessly!
You are too injured to fight recklessly!
You are too injured to fight recklessly!
You are too injured to fight recklessly!
Bande's ghost hits you.
* * * LOW HITPOINT WARNING * * *
You barely miss bande's ghost.
Bande's ghost is severely damaged.
You are no longer berserk.
You are exhausted.
You feel yourself slow down.
You barely miss bande's ghost.
Bande's ghost is severely damaged.
Bande's ghost hits you.
* * * LOW HITPOINT WARNING * * *
Bande's ghost hits you!
You die...

#.# #.# ##.######.#
#.......#.# ##
#..>....#.# ###.##
#.......#.#
###..#..####.......#.##
#..#...#..###.######...
#...#...#....#########
#.W@#...#..........
#...#...#...#########
#...#.).#...#.#
..#...#...#...#
#...#...#...#.# ..#
..#...#...# #
.#...#...#.#
#...#...#..##
..#...#..###


You could see bande's ghost.

Vanquished Creatures
  2 adders (D:2)
  2 oozes
  5 worms
  2 dart slugs (D:1)
  2 leopard geckos
  An orc (D:3)
  A ball python (D:3)
  2 giant cockroaches (D:1)
  5 goblins
  4 hobgoblins (D:1)
  8 kobolds
  A quokka (D:2)
  2 bats (D:1)
  7 frilled lizards
  3 rats
47 creatures vanquished.

Notes
Turn   | Place    | Note
-------+----------+-------------------------------------------
     0 | D:1      | Fang the Gargoyle Berserker began the quest for the Orb.
     0 | D:1      | Reached XP level 1. HP: 14/14 MP: 1/1
   168 | D:1      | Reached XP level 2. HP: 17/19 MP: 2/2
   406 | D:1      | Reached XP level 3. HP: 22/24 MP: 3/3
   515 | D:1      | Reached ** piety under Trog
  1024 | D:2      | Reached XP level 4. HP: 20/29 MP: 4/4
  1432 | D:2      | Found a stormy altar of Qazlal.
  1584 | D:2      | Reached skill level 4 in Fighting
  1748 | D:3      | Found an ornate altar of the Wu Jian Council.
  1949 | D:3      | Noticed bande's ghost (novice GrFi)
  1959 | D:3      | Reached skill level 1 in Stealth
  1968 | D:3      | Slain by bande's ghost

Skill      XL: |  1  2  3  4 |
---------------+-------------+-----
Axes           | 3 |  3.7
Fighting       | 4 |  4.1
Dodging        | 2 |  2.0
Stealth        | 1 |  1.0
Armour         | |  2.4

Action                   |  1- 3 |  4- 6 || total
-------------------------+-------+-------++-------
Melee: Hand axe          |   118 |    57 ||   175
Invok: Berserk           |     1 |     1 ||     2
 Stab: Sleeping          |       |     1 ||     1
  Eat: Chunk             |     1 |     3 ||     4
Armor: Animal skin       |    28 |    10 ||    38
Dodge: Dodged            |    87 |    20 ||   107
